 Dungeon Crawl Stone Soup version 0.29-a0-296-gda187f2e07 (webtiles) character file.

Game seed: 5953044130340299233

112 kae the Firebug (level 4, -1/24 HPs)
             Began as a Tengu Fire Elementalist on Mar 19, 2022.
             Engulfed by a cloud of steam (11 damage)
             ... on level 3 of the Dungeon.
             The game lasted 00:02:05 (1725 turns).

kae the Firebug (Tengu Fire Elementalist)           Turns: 1725, Time: 00:02:06

Health: -1/24      AC:  3    Str:  9    XL:     4   Next: 93%
Magic:  8/9        EV: 12    Int: 17    God:
Gold:   109        SH:  0    Dex: 14    Spells: 7/8 levels left

rFire   . . .      SeeInvis .   j - +3 short sword
rCold   . . .      Faith    .   (no shield)
rNeg    . . .      Spirit   .   a - +0 robe
rPois   .          Reflect  .   (helmet restricted)
rElec   .          Harm     .   f - +0 cloak
rCorr   .          Rampage  .   (no gloves)
Will    .....                   (boots unavailable)
Stlth   +.........              i - amulet of magic regeneration
HPRegen 0.08/turn               (no ring)
MPRegen 0.51/turn               (no ring)

@: very slow
A: beak, talons 3
a: no special abilities


You were on level 3 of the Dungeon.
You visited 1 branch of the dungeon, and saw 3 of its levels.

You collected 109 gold pieces.

Inventory:

Hand Weapons
 d - a +4 dagger
 j - a +3 short sword (weapon)
Armour
 a - a +0 robe (worn)
 f - a +0 cloak (worn)
Jewellery
 i - an amulet of magic regeneration (around neck)
Scrolls
 c - 2 scrolls of teleportation
Potions
 b - a potion of magic
 e - a potion of haste {unknown}
 h - a potion of invisibility {unknown}


   Skills:
 - Level 2.1 Dodging
 - Level 2.0 Stealth
 + Level 2.8 Spellcasting
 + Level 3.1 Conjurations
 * Level 4.8 Fire Magic


You had 7 spell levels left.
You knew the following spells:

 Your Spells              Type           Power      Damage    Failure   Level
a - Foxfire               Conj/Fire      64%        2x1d7     3%          1

Your spell library contained the following spells:

 Spells                   Type           Power      Damage    Failure   Level
 Scorch                   Fire           36%        2d6       3%          2
 Conjure Flame            Conj/Fire      16%        6-21      11%         3
 Inner Flame              Hex/Fire       10%        N/A       21%         3
 Flame Wave               Conj/Fire      16%        2d6       34%         4


Dungeon Overview and Level Annotations

Branches:
Dungeon (3/15)

Altars:


Innate Abilities, Weirdness & Mutations

You have a beak for a mouth.
You have claws for feet.


Message History

Confirm with . or Enter, or press ? or * to list all spells.
You conjure some foxfire!
The foxfire hits the river rat but does no damage.
The river rat is severely wounded.
The foxfire hits the river rat.
You kill the river rat!
You now have 109 gold pieces (gained 3).
You start resting.
You hear the slow rusting of a drain very nearby.
You enter the shallow water.
Moving in this stuff is going to be slow.
A worm comes into view.
Casting: Foxfire (safe; 3% risk of failure)
Confirm with . or Enter, or press ? or * to list all spells.
You conjure some foxfire!
The foxfire hits the worm.
The worm is lightly wounded.
The foxfire hits the worm.
The worm is heavily wounded.
The worm is engulfed in a cloud of scalding steam.
You kill the worm!
Casting: Foxfire (safe; 3% risk of failure)
Confirm with . or Enter, or press ? or * to list all spells.
You conjure some foxfire!
Your foxfire dissipates! x2
A rat and a river rat come into view.
The rat splashes around in the water.
Casting: Foxfire (safe; 3% risk of failure)
Confirm with . or Enter, or press ? or * to list all spells.
You conjure some foxfire!
The rat bites you but does no damage.
Your foxfire dissipates!
The river rat attacks as you move away! The river rat bites you!
The river rat barely misses you. The river rat bites you.
Casting: Foxfire (safe; 3% risk of failure)
Confirm with . or Enter, or press ? or * to list all spells.
You conjure some foxfire!
The river rat barely misses you.
The foxfire hits the rat.
You kill the rat!
You are engulfed in a cloud of scalding steam.
You die...

*,,,,,,,,*#)...# *,* *,*
*,,,,,,,,##....# *,***,*
*,,,,,,,,#.....# *,,,,,*
*,,,,,,,,#.....#####*******
*,,,,,,,,#.....#≈≈≈#≈≈≈≈≈≈*
*,,,,,,,,#....≈#≈#≈#≈******
*,,,,,,,,#....≈#§#≈#≈*≈≈≈≈*
*********#...≈≈r§#≈≈≈≈≈**∩*
#....≈#@#≈##******
##...≈v≈#≈≈≈≈≈≈≈≈*
#....#≈###****≈**
#...≈≈≈#≈≈≈≈≈≈≈*
#....≈≈#******** #....^##
#######


You could see a river rat.

Vanquished Creatures
  An orc wizard (D:3)
  3 adders (D:2)
  A river rat (D:3)
  2 worms
  4 orcs (D:3)
  2 ball pythons (D:1)
  4 endoplasms
  A giant cockroach (D:2)
  4 goblins
  3 hobgoblins
  3 quokkas (D:2)
  2 bats
  A frilled lizard (D:1)
  6 kobolds
  2 rats
39 creatures vanquished.

Vanquished Creatures (others)
  109 foxfires
109 creatures vanquished.

Grand Total: 148 creatures vanquished

Notes
Turn   | Place    | Note
-------+----------+-------------------------------------------
     0 | D:1      | kae the Tengu Fire Elementalist began the quest for the
                  | Orb.
     0 | D:1      | Reached XP level 1. HP: 10/10 MP: 4/4
   585 | D:1      | Reached XP level 2. HP: 15/15 MP: 1/6
   721 | D:2      | Reached XP level 3. HP: 19/19 MP: 1/7
   722 | D:2      | Reached skill level 4 in Fire Magic
  1504 | D:2      | Reached XP level 4. HP: 23/24 MP: 8/8
  1725 | D:3      | Engulfed by a cloud of steam

Illustrated notes

Levels and vault maps discovered:
D:1:      scummos_arrival_hexagon, layout_basic
D:2:      layout_rooms, serial_bayou_pond_a, serial_park_tiny_1
D:3:      layout_basic, lightli_sewer_entry_pipes, kennysheep_flooded_box

Skill      XL: |  1  2  3  4 |
---------------+-------------+-----
Conjurations   | 2 3 |  3.1
Fire Magic     | 4 |  4.8
Dodging        | |  2.1
Stealth        | |  2.0
Spellcasting   | |  2.8

Action                   |  1- 3 |  4- 6 || total
-------------------------+-------+-------++-------
Melee: Short sword       |    10 |     1 ||    11
       Kick              |     2 |       ||     2
       Peck              |     1 |       ||     1
 Cast: Foxfire           |    37 |    25 ||    62
  Use: Scroll            |     5 |     2 ||     7
       Potion            |     3 |       ||     3
Armor: Skin              |    14 |       ||    14
       Robe              |     1 |     2 ||     3
Dodge: Dodged            |    19 |    11 ||    30

Table legend: (Time is in decaauts)
 A = Elapsed time spent in this place.
 B = Non-inter-level travel time spent in this place.
 C = Inter-level travel time spent in this place.
 D = Time resting spent in this place.
 E = Time spent auto-exploring this place.
 F = Levels seen in this place.
 G = Mean time per level.
                   A        B        C        D        E       F      G
               +--------+--------+--------+--------+--------+-----+--------+
         Total |   1734 |   1690 |     44 |    232 |   1126 |   3 |  578.0 |
       Dungeon |   1734 |   1690 |     44 |    232 |   1126 |   3 |  578.0 |
               +--------+--------+--------+--------+--------+-----+--------+

Top non-repeatable levels by time:
     D:2: 857 daAuts
     D:1: 700 daAuts
     D:3: 176 daAuts
